 Dungeon Crawl Stone Soup version 0.31.0 (webtiles) character file.

Game seed: 1866617952147505425

51 qw the Shooter (level 3, -5/23 HPs)
             Began as a Gargoyle Hunter on Jan 19, 2024.
             Slain by a gnoll
             ... wielding a +0 spear
              (6 damage)
             ... on level 3 of the Dungeon.
             The game lasted 00:00:04 (1169 turns).

qw the Shooter (Gargoyle Hunter)                    Turns: 1169, Time: 00:00:04

Health: -5/23      AC:  9    Str: 14    XL:     3   Next: 81%
Magic:  3/3        EV: 11    Int:  9    God:
Gold:   69         SH:  0    Dex: 15    Spells: 2/2 levels left

rFire   . . .        a - +0 shortbow
rCold   + . .        (shield currently unavailable)
rNeg    + . .        c - +0 leather armour
rPois   inf          (no helmet)
rElec   +            (no cloak)
rCorr   .            (no gloves)
SInv    +            h - +2 pair of boots {Fly}
Will    .....        (no amulet)
Stlth   ++           g - ring of see invisible
HPRegen 0.23/turn    j - ring of protection from cold
MPRegen 0.08/turn

%: no passive effects
@: flying
A: sickness immunity, AC +3, negative energy resistance 1, electricity
resistance, torment resistance 1, petrification resistance
a: no special abilities


You were on level 3 of the Dungeon.
You visited 1 branch of the dungeon, and saw 3 of its levels.

You collected 69 gold pieces.


Innate Abilities, Weirdness & Mutations

You are immune to sickness and miasma.
Your stone body is resilient. (AC +3)
You are immune to poison.
You resist negative energy. (rN+)
You are resistant to electric shocks. (rElec)
You are resistant to unholy torment.
You are immune to petrification.


   Skills:
 - Level 3.0 Fighting
 + Level 5.0 Ranged Weapons
 - Level 1.5 Dodging
 - Level 1.1 Stealth


You had 2 spell levels left.
You didn't know any spells.
Your spell library was empty.

Inventory:

Hand Weapons
 a - a +0 shortbow (weapon)
Armour
 c - a +0 leather armour (worn)
 h - a +2 pair of boots of flying (worn)
Jewellery
 g - a ring of see invisible (left hand)
 i - an amulet of guardian spirit
 j - a ring of protection from cold (right hand)
 l - a ring of willpower
 m - an amulet of reflection
Scrolls
 b - 2 scrolls of teleportation {unknown}
Potions
 d - a potion of curing {unknown}
 e - a potion of haste
 f - a potion of heal wounds {unknown}
 k - a potion of degeneration {unknown}

Dungeon Overview and Level Annotations

Branches:
Dungeon (2/15)

Altars:


Message History

2 gnolls come into view.
Found 2 glowing red potions.
The gnoll shouts! x2
A gnoll comes into view. It is wielding a +0 halberd.
The gnoll moves out of view. x2
You shoot an arrow. The gnoll shouts!
The arrow hits the gnoll.
The gnoll is moderately wounded.
You hear a shout!
You shoot an arrow. The arrow hits the gnoll!
The gnoll is almost dead.
You shoot an arrow. The arrow hits the gnoll!
The gnoll is heavily wounded.
You shoot an arrow. The arrow closely misses the gnoll.
You shoot an arrow. The arrow hits the gnoll.
You kill the gnoll!
Your Fighting skill increases to level 3!
You shoot an arrow. The arrow hits the gnoll.
The gnoll is lightly wounded.
A gnoll comes into view. It is wielding a +0 whip.
The gnoll barely misses you. The gnoll hits you with a +0 club.
You shoot an arrow. The arrow barely misses the gnoll.
The gnoll hits you from afar with a +0 spear.
The gnoll barely misses you.
You shoot an arrow.
The arrow hits the gnoll but does no damage.
The gnoll is lightly wounded.
The gnoll hits you from afar with a +0 spear.
The gnoll closely misses you.
You shoot an arrow. The arrow barely misses the gnoll.
The gnoll hits you but does no damage. The gnoll hits you with a +0 club.
You shoot an arrow. The arrow hits the gnoll.
The gnoll is moderately wounded.
The gnoll hits you but does no damage. The gnoll hits you with a +0 club.
You shoot an arrow. The arrow closely misses the gnoll.
The gnoll hits you from afar with a +0 spear.
The gnoll hits you but does no damage.
The gnoll hits you from afar with a +0 spear.
You die...

##############
##............##
##.###...########...###
.......#......##......#
#...####.......#.#
##@## ####......#
#..ggg.......###....##
#..)##.##!#.#.###.#.# #
#.. #.. ........#.###
... #.# .#.####..... ..
#.# .........## . ..#
#####.>..# ### #.....
##.##.#


You could see 3 gnolls.

Vanquished Creatures
  A gnoll (D:3)
  3 dart slugs
  A ribbon worm (D:2)
  3 ball pythons
  5 endoplasms
  3 goblins
  A hobgoblin (D:1)
  5 kobolds
  A quokka (D:2)
  3 bats
  3 frilled lizards
  3 rats
32 creatures vanquished.

Notes
Turn   | Place    | Note
-------+----------+-------------------------------------------
     0 | D:1      | qw the Gargoyle Hunter began the quest for the Orb.
     0 | D:1      | Reached XP level 1. HP: 12/12 MP: 1/1
     0 | D:1      | 0 ||| qw: Version: 0.3-a-132-g3d54051
     0 | D:1      | 0 ||| qw: Game counter: 238
     0 | D:1      | 0 ||| qw: Melee chars always use a shield: true
     0 | D:1      | 0 ||| qw: God list: Okawaru
     0 | D:1      | 0 ||| qw: Allow faded altars: false
     0 | D:1      | 0 ||| qw: Do Orc after clearing Dungeon:15 true
     0 | D:1      | 0 ||| qw: Do second Lair branch before Depths: true
     0 | D:1      | 0 ||| qw: Lair rune preference: random
     0 | D:1      | 0 ||| qw: Goals: Normal
     0 | D:1      | 0 ||| PLANNING D:1-11
   189 | D:1      | Reached XP level 2. HP: 17/17 MP: 2/2
   715 | D:1      | 715 ||| UPGRADING to +2 pair of boots of flying.
   720 | D:1      | 720 ||| UPGRADING to ring of see invisible.
   721 | D:1      | 721 ||| UPGRADING to ring of protection from cold.
   722 | D:1      | 722 ||| READING 2 scrolls labelled HEM VOUSAGUH.
   723 | D:1      | 723 ||| READING 2 scrolls labelled QOSOS XIUTOL.
   723 | D:1      | 723 ||| IDENTIFYING fizzy yellow potion
   724 | D:1      | 724 ||| READING scroll of identify.
   724 | D:1      | 724 ||| IDENTIFYING green potion
   725 | D:1      | 725 ||| READING 3 scrolls labelled LACEZ BIEKENG.
   726 | D:1      | 726 ||| DROPPING scroll of butterflies.
   727 | D:1      | 727 ||| DROPPING scroll of revelation.
   728 | D:1      | 728 ||| DROPPING 2 scrolls of amnesia.
   729 | D:1      | 729 ||| DROPPING potion of berserk rage.
   893 | D:2      | Reached XP level 3. HP: 21/21 MP: 3/3
   939 | D:2      | Reached skill level 5 in Ranged Weapons
  1061 | D:2      | You are sucked into a shaft and drop 1 floor!
  1164 | D:3      | Reached skill level 3 in Fighting
  1168 | D:3      | HP: 5/23 [gnoll/+0 club (5)]
  1169 | D:3      | HP: 1/23 [gnoll/+0 spear (4)]
  1169 | D:3      | Slain by a gnoll

Levels and vault maps discovered:
D:1:      noname_arrival_rooms_in_the_neighbourhood, layout_basic,
          hangedman_abyss_or_decor_stabs, moated_statue, minmay_splitting_lines
D:2:      layout_basic, shapermc_ecumenical_altar_acropolis
D:3:      layout_loops_ring, serial_rivers, chequers_serial_rivers_room_b,
          chequers_serial_rivers_micro_d, chequers_serial_rivers_micro_a,
          chequers_serial_rivers_micro_d, chequers_serial_rivers_micro_c,
          kennysheep_generic_room_6, uniq_grinder

Skill      XL: |  1  2  3 |
---------------+----------+-----
Ranged Weapons | 5 |  5.0
Fighting       | 3 |  3.0
Dodging        | |  1.5
Stealth        | |  1.1

Action                     || total
---------------------------++-------
   Fire: Shortbow          ||    88
    Use: Scroll            ||     4
 Armour: Leather armour    ||    18
  Dodge: Dodged            ||    15

Table legend:
 A = Non-vault XP
 B = Vault XP
 C = Vault XP percentage of total XP
 D = Non-vault monster count
 E = Vault monster count
 F = Vault count percentage of total count
                 A         B        C        D         E       F
            +---------+---------+-------+---------+---------+-------
      Total |      73 |       0 |   0.0 |      32 |       0 |   0.0
            +---------+---------+-------+---------+---------+-------
        D:1 |      28 |       0 |   0.0 |      16 |       0 |   0.0
        D:2 |      20 |       0 |   0.0 |      10 |       0 |   0.0
        D:3 |      25 |       0 |   0.0 |       6 |       0 |   0.0
            +---------+---------+-------+---------+---------+-------
